 Dungeon Crawl Stone Soup version 0.30.1-3-gfc49f6343a (webtiles) character file.

Game seed: 12692777314548201930

52951 wingedge the Destroyer (level 13, -5/105 HPs)
             Began as a Demigod Wanderer on July 31, 2023.
             Shot with an arrow by a centaur warrior (19 damage)
             ... on level 12 of the Dungeon.
             The game lasted 02:09:57 (27554 turns).

wingedge the Destroyer (Demigod Wanderer)          Turns: 27554, Time: 02:09:58

Health: -5/105     AC: 11    Str: 11    XL:     13   Next: 96%
Magic:  6/24       EV: 12    Int: 41    God:
Gold:   1369       SH:  9    Dex: 20    Spells: 5/22 levels left

rFire   + . .        a - +8 morningstar (drain)
rCold   . . .        w - +3 buckler "Yrghuddul" {Int+7}
rNeg    . . .        R - +0 swamp dragon scales
rPois   +            u - +0 hat {Will+}
rElec   .            U - scarf {harm}
rCorr   .            g - +1 pair of gloves {Dex+3}
SInv    .            (no boots)
Will    ++...        E - amulet of magic regeneration
Stlth   ++           O - +6 ring of intelligence
HPRegen 0.37/turn    o - ring of protection from fire
MPRegen 0.59/turn

%: harm (+30% outgoing, +20% incoming)
@: hasted, very quick
A: high MP 1, forlorn, divine attributes
a: no special abilities


You were on level 12 of the Dungeon.
You visited 3 branches of the dungeon, and saw 19 of its levels.
You also visited: Ossuary.

You collected 1831 gold pieces.
You spent 462 gold pieces at shops.

Inventory:

Hand Weapons
 a - a +8 morningstar of draining (weapon)
Missiles
 s - 5 curare-tipped darts (quivered)
 C - 3 throwing nets
Armour
 e - a +2 robe of the Archmagi
 g - a +1 pair of gloves of dexterity (worn)
 u - a +0 hat of willpower (worn)
 v - a +3 troll leather armour {Snorg}
 w - the +3 buckler "Yrghuddul" (worn) {Int+7}
   (You found it on level 5 of the Lair of Beasts)

   Int:       It affects your intelligence (+7).
 L - a +3 leather armour of willpower
 N - the +1 helmet "Fienekh" {rN+ Will- Int+3 SInv}
   (You found it on level 7 of the Dungeon)

   Int:       It affects your intelligence (+3).
   rN:        It protects you from negative energy.
   SInv:      It lets you see invisible.
   Will:      It decreases your willpower.
 Q - a +2 leather armour of cold resistance
 R - +0 swamp dragon scales (worn)
 U - a scarf of harm (worn)
 Z - +0 acid dragon scales
Magical Staves
 r - a staff of air
 x - a staff of poison
Jewellery
 b - the amulet of Satyriasis {Spirit Drain rPois Str+3 Dex+8}
   (You acquired it on level 8 of the Dungeon)

   [amulet of guardian spirit]

   It causes incoming damage to be divided between your reserves of health and
   magic.
   Str:       It affects your strength (+3).
   Dex:       It affects your dexterity (+8).
   rPois:     It protects you from poison.
   Drain:     It drains your maximum health when unequipped.
 o - a ring of protection from fire (right hand)
 p - a ring of poison resistance
 D - a ring of ice
 E - an amulet of magic regeneration (around neck)
 F - a +5 ring of evasion
 O - a +6 ring of intelligence (left hand)
 P - a ring of resist corrosion
Wands
 q - a wand of paralysis (15)
 K - a wand of roots (20)
Scrolls
 c - 3 scrolls of fear
 d - 2 scrolls of butterflies
 i - 8 scrolls of teleportation
 j - a scroll of blinking
 k - a scroll of amnesia
 m - 6 scrolls of magic mapping
 t - 4 scrolls of fog
 y - 5 scrolls of poison
 Y - 4 scrolls of silence
Potions
 f - 6 potions of mutation
 h - 2 potions of attraction {unknown}
 l - a potion of haste
 n - 3 potions of lignification {unknown}
 z - a potion of cancellation {unknown}
 B - 3 potions of brilliance
 G - 7 potions of might
 I - 2 potions of invisibility {unknown}
 J - a potion of heal wounds
 M - 3 potions of flight {unknown}
 S - a potion of berserk rage {unknown}
 T - a potion of magic {unknown}
 V - 3 potions of ambrosia {unknown}
 X - 9 potions of curing


   Skills:
 + Level 7.3 Fighting
 - Level 7.0 Maces & Flails
 - Level 4.0 Throwing
 - Level 6.0 Armour
 - Level 5.0 Dodging
 + Level 4.0 Stealth
 - Level 5.0 Shields
 - Level 5.0 Spellcasting
 + Level 8.8 Conjurations
 - Level 8.0 Summonings
 - Level 2.0 Necromancy
 - Level 3.0 Translocations
 - Level 8.0 Air Magic
 - Level 8.0 Earth Magic
 - Level 6.0 Poison Magic
 - Level 1.0 Evocations


You had 5 spell levels left.
You knew the following spells:

 Your Spells              Type           Power      Damage    Failure   Level
a - Poisonous Vapours     Pois/Air       100%       N/A       1%          2
c - Stone Arrow           Conj/Erth      100%       3d13      1%          3
d - Apportation           Tloc           68%        N/A       2%          1
e - Animate Armour        Summ/Erth      100%       N/A       3%          4
f - Blink                 Tloc           68%        N/A       3%          2
g - Arcjolt               Conj/Air       34%        1d44      8%          5

Your spell library contained the following spells:

 Spells                   Type           Power      Damage    Failure   Level
 Cigotuvi's Dreadful Rot  Necr/Pois/Air  100%       N/A       1%          2
 Momentum Strike          Conj/Tloc      100%       3d10      1%          2
 Vhi's Electric Charge    Tloc/Air       100%       N/A       2%          3
 Lesser Beckoning         Tloc           68%        N/A       3%          2
 Iskenderun's Mystic Bla  Conj/Tloc      55%        2d12      8%          4
 Lee's Rapid Deconstruct  Erth           33%        3d17*     9%          5
 Volatile Blastmotes      Fire/Tloc      44%        2d13      13%         3
 Fulminant Prism          Conj/Hex       23%        3d12      14%         4
 Irradiate                Conj/Tmut      23%        3d19      36%         5
 Alistair's Intoxication  Tmut/Pois      22%        N/A       54%         5
 Blade Hands              Tmut           5%         N/A       92%         5
 Dragon Form              Tmut           5%         N/A       100%        7
 Malign Gateway           Summ/Tloc      26%        N/A       100%        7
 Lehudib's Crystal Spear  Conj/Erth      34%        10d9      100%        8
 Maxwell's Capacitive Co  Air            33%        ∞         100%        8
 Summon Horrible Things   Summ           33%        N/A       100%        8


Dungeon Overview and Level Annotations

Branches:
Dungeon (12/15)            Temple (0/1) D:6            Lair (5/5) D:11
  Swamp (0/4) Lair:2       Spider (0/4) Lair:2        Slime (0/5) Lair:5
    Orc (2/2) D:11            Elf (0/3) Orc:2       Ossuary (visited)

Shops:
D:2 *   D:4 =   D:9 *[=((   Orc:2 *=(!:


Innate Abilities, Weirdness & Mutations

You have an increased reservoir of magic. (+10% MP)
You shall have no god before yourself.
Your divine heritage dramatically boosts your attributes as you level up.


Message History

Casting: Stone Arrow (safe; 1% risk of failure)
Confirm with . or Enter, or press ? or * to list all spells.
Aiming: Poisonous Vapours (safe; 1% risk of failure)
Press: ? - help, Dir - move target, f - boulder beetle
Aim: a boulder beetle (severely wounded, very poisoned, ally target) Poisonous vapours surround the boulder beetle!
The boulder beetle looks as sick as possible!
The boulder beetle curls into a ball and begins rolling!
You kill the boulder beetle!
Your animated swamp dragon scales disappears in a puff of smoke!
Your Stealth skill increases to level 4!
You start resting.
A centaur warrior comes into view.
The centaur warrior wields a +1 shortbow of freezing.
It is covered in frost.
The centaur warrior shoots an arrow.
The arrow hits you!! The arrow freezes you!
Throw: 7 darts (curare)
Press: ? - help, Q - select action, (/) - cycle Shift-Dir - straight line, f - centaur warrior
Aim: a centaur warrior, wielding a +1 shortbow of freezing (73% to hit)
You throw a curare-tipped dart.
The curare-tipped dart barely misses the centaur warrior.
The centaur warrior shoots an arrow.
The arrow closely misses you.
Throw: 6 darts (curare)
Press: ? - help, Q - select action, (/) - cycle Shift-Dir - straight line, f/p - centaur warrior
Aim: a centaur warrior, wielding a +1 shortbow of freezing (73% to hit)
You throw a curare-tipped dart.
The curare-tipped dart barely misses the centaur warrior.
The centaur warrior shoots an arrow.
The arrow hits you! The arrow freezes you.
The centaur warrior shoots an arrow.
The arrow hits you!!
* * * LOW HITPOINT WARNING * * *
The arrow freezes you.
* * * LOW HITPOINT WARNING * * *
You feel much better.
The centaur warrior shoots an arrow.
You block the arrow.
You feel yourself speed up.
The centaur warrior shoots an arrow.
The arrow hits you!
* * * LOW HITPOINT WARNING * * *
The arrow freezes you.
* * * LOW HITPOINT WARNING * * *
The centaur warrior shoots an arrow.
The arrow hits you!
You die...

..#. ..## ..c.#
...[. ..
...####... ...
.c.... ..###
#.)#####....
#........?#
#......#.#
#........#
##@.....######
#.......# ...##.#
#.......##.......
#.......<....#
#..)..#.##.......
###......#...##..
#####).#....#
#.........
###......##


You could see a centaur warrior.

Vanquished Creatures
  Gastronok (Lair:3)
  The ghost of spardeous the Destroyer, a journeyman DgCj (Orc:1)
  Snorg (Orc:2)
  2 hydras
  2 ghost crabs (Lair:2)
  3 two-headed ogres (D:10)
  A boulder beetle (D:12)
  An orc high priest (Orc:1)
  A skyshark (Lair:4)
  A deep troll (Lair:1)
  An orc knight (Orc:1)
  A deep elf pyromancer (D:10)
  8 orc sorcerers
  An oklob plant (D:11)
  A cyclops (Orc:2)
  7 elephants
  2 slime creatures (D:12)
  4 black mambas
  A demonic crawler (Lair:2)
  Maggie (D:8)
  14 cane toads
  2 rime drakes
  8 komodo dragons
  A polar bear (Lair:4)
  3 trolls
  A tyrant leech (Lair:5)
  A hornet (D:9)
  Grinder (D:3)
  15 blink frogs
  4 wyverns
  A shadow (D:10)
  17 yaks
  Eustachio (D:6)
  A spectral komodo dragon (Lair:2)
  9 vampire mosquitoes
  7 basilisks
  A steam dragon (D:8)
  7 wargs
  13 water moccasins
  A spectral cane toad (Lair:2)
  3 acid dragons
  12 orc warriors
  4 ice beasts
  A sky beast (D:7)
  3 black bears
  8 ogres
  8 wolves
  A centaur (D:12)
  A phantom (D:7)
  2 kobold brigands
  A spectral water moccasin (Lair:2)
  13 bullfrogs
  2 gnoll sergeants
  Blork the orc (D:5)
  8 scorpions
  14 wights
  3 killer bees (D:8)
  5 howler monkeys
  3 electric eels (Lair:5)
  A centaur zombie (Ossuary)
  6 jellies
  11 orc priests
  2 hounds
  6 iguanas
  2 sleepcaps
  Ijyb (D:3)
  Terence (D:2)
  Natasha (thrice) (D:1)
  40 orc wizards
  4 hell rats (Lair:5)
  2 mummies (Ossuary)
  Robin (D:2)
  10 gnolls
  3 adders
  A shadow imp (D:5)
  2 white imps
  An adder zombie (Ossuary)
  4 worms
  A dart slug (D:4)
  104 orcs
  5 bats
  12 endoplasms
  5 giant cockroaches
  9 goblins
  10 hobgoblins
  2 jackals (D:4)
  5 quokkas
  9 ball pythons
  3 frilled lizards (D:1)
  4 goblin zombies (Ossuary)
  7 hobgoblin zombies (Ossuary)
  A jackal zombie (Ossuary)
  11 kobolds
  12 kobold zombies (Ossuary)
  9 orc zombies (Ossuary)
  4 rats
  A rat zombie (Ossuary)
557 creatures vanquished.

Vanquished Creatures (collateral kills)
  A hydra (Lair:4)
  2 skysharks (Lair:5)
  An orc knight (Orc:1)
  An orc sorcerer (Orc:2)
  A black mamba (Lair:3)
  3 cane toads (Lair:5)
  A komodo dragon (Lair:5)
  A polar bear (Lair:5)
  A blink frog (Lair:5)
  11 yaks
  A basilisk (Lair:5)
  A warg (Orc:1)
  2 ogres
  6 orc warriors
  A wolf (Lair:5)
  A scorpion (Lair:2)
  3 orc priests
  3 orc wizards (Orc:2)
  3 hell rats (Lair:5)
  A worm (Lair:2)
  3 orcs
  A giant cockroach (Lair:2)
49 creatures vanquished.

Vanquished Creatures (others)
  2 orc wizards
2 creatures vanquished.

Grand Total: 608 creatures vanquished

Notes
Turn   | Place    | Note
-------+----------+-------------------------------------------
     0 | D:1      | wingedge the Demigod Wanderer began the quest for the Orb.
     0 | D:1      | wingedge set off with the following items: a +2 dagger, a
                  | curare-tipped dart, a +0 pair of gloves, a scroll of fog, a
                  | +0 robe; and the following spells available to memorise:
                  | Poisonous Vapours, Cigotuvi's Dreadful Rot.
     0 | D:1      | Reached XP level 1. HP: 16/16 MP: 4/4
   356 | D:1      | Reached skill level 1 in Air Magic
   436 | D:1      | Reached XP level 2. HP: 23/23 MP: 5/5
   770 | D:1      | Learned a level 2 spell: Poisonous Vapours
  1014 | D:2      | Noticed Natasha
  1062 | D:2      | Found Niasch's Assorted Antiques.
  1172 | D:1      | Killed Natasha
  1173 | D:1      | Reached XP level 3. HP: 13/28 MP: 6/6
  1978 | D:2      | Noticed Terence
  2556 | D:1      | Noticed Natasha
  2566 | D:1      | Killed Natasha
  2567 | D:1      | Reached XP level 4. HP: 18/35 MP: 0/8
  2576 | D:1      | Noticed Natasha
  2584 | D:1      | Killed Natasha
  2752 | D:2      | Noticed Robin
  2762 | D:2      | Killed Robin
  2920 | D:2      | Killed Terence
  2921 | D:2      | Reached XP level 5. HP: 34/40 MP: 9/9
  3227 | D:2      | Learned a level 2 spell: Cigotuvi's Dreadful Rot
  3627 | D:3      | Noticed Grinder
  3640 | D:3      | Killed Grinder
  3641 | D:3      | Reached skill level 1 in Necromancy
  3641 | D:3      | Reached XP level 6. HP: 47/47 MP: 9/11
  4368 | D:3      | Noticed Ijyb
  4371 | D:3      | Paralysed by Ijyb for 4 turns
  4378 | D:3      | Paralysed by Ijyb for 4 turns
  4386 | D:3      | Killed Ijyb
  5336 | D:4      | Found Potor's Jewellery Emporium.
  5348 | D:4      | Reached XP level 7. HP: 49/55 MP: 2/13
  5899 | D:4      | Reached skill level 5 in Poison Magic
  6235 | D:5      | Entered Level 5 of the Dungeon
  6915 | D:5      | Reached XP level 8. HP: 66/66 MP: 15/15
  6936 | D:5      | Reached skill level 1 in Maces & Flails
  7116 | D:5      | Reached skill level 5 in Fighting
  7269 | D:5      | Noticed Blork the orc
  7280 | D:5      | Killed Blork the orc
  7601 | D:6      | Reached skill level 1 in Evocations
  7927 | D:6      | Noticed Eustachio
  7943 | D:6      | Killed Eustachio
  8136 | D:6      | Found a staircase to the Ecumenical Temple.
  8831 | D:7      | Found a sand-covered staircase.
  8836 | Ossuary  | Entered an ossuary
  9398 | D:7      | Reached XP level 9. HP: 67/74 MP: 10/18
  9477 | D:7      | Reached skill level 5 in Air Magic
  9846 | D:7      | Identified the +1 helmet "Fienekh" {rN+ Will- Int+3 SInv}
 10452 | D:7      | Reached skill level 5 in Maces & Flails
 10662 | D:8      | Noticed Maggie
 11220 | D:8      | Reached skill level 1 in Shields
 11366 | D:8      | Killed Maggie
 11439 | D:8      | Identified a scroll of acquirement
 11439 | D:8      | Acquired the amulet of Satyriasis {Spirit Drain rPois Str+3
                  | Dex+8}
 11623 | D:8      | Reached XP level 10. HP: 71/83 MP: 11/19
 11718 | D:7      | Learned a level 3 spell: Stone Arrow
 12071 | D:8      | Identified the +0 chain mail "Vialetz" {Harm Str+3 Dex+4}
 12421 | D:9      | Reached skill level 1 in Earth Magic
 12425 | D:9      | Reached skill level 1 in Conjurations
 12591 | D:9      | Found Heapnan's Jewellery Emporium.
 12594 | D:9      | Found Uhedoill's General Store.
 12597 | D:9      | Found Amieps's Antique Weapon Shoppe.
 12602 | D:9      | Found Nidweur's Armour Boutique.
 12605 | D:9      | Found Dastynk's Weapon Emporium.
 12650 | D:9      | Bought a scarf of harm for 153 gold pieces
 13123 | D:2      | Bought a pink potion for 27 gold pieces
 13123 | D:2      | Bought a pink potion for 27 gold pieces
 13123 | D:2      | Bought a scroll labelled BETAMUR XOESYRPH for 30 gold
                  | pieces
 13705 | D:10     | Entered Level 10 of the Dungeon
 14035 | D:10     | Learned a level 1 spell: Apportation
 14127 | D:10     | Noticed a two-headed ogre
 14137 | D:10     | Killed a two-headed ogre
 14138 | D:10     | Reached skill level 1 in Translocations
 14217 | D:10     | Noticed a deep elf pyromancer
 14221 | D:10     | Noticed a two-headed ogre
 14222 | D:10     | Killed a deep elf pyromancer
 14260 | D:10     | Killed a two-headed ogre
 14493 | D:10     | Noticed a two-headed ogre
 14537 | D:10     | Killed a two-headed ogre
 14538 | D:10     | Reached skill level 5 in Conjurations
 14750 | D:11     | Found a staircase to the Lair.
 14753 | D:11     | Noticed an oklob plant
 14859 | D:11     | Killed an oklob plant
 15177 | D:11     | Reached XP level 11. HP: 69/89 MP: 6/20
 15304 | D:11     | Learned a level 4 spell: Animate Armour
 15306 | D:11     | Found a staircase to the Orcish Mines.
 15685 | D:11     | Reached skill level 1 in Summonings
 15897 | D:11     | Reached skill level 5 in Earth Magic
 16355 | Lair:1   | Entered Level 1 of the Lair of Beasts
 16434 | Lair:1   | Identified the +5 spear "Uhoi" {vamp, Stlth+}
 16898 | Lair:1   | Learned a level 2 spell: Blink
 17048 | Lair:1   | Reached skill level 5 in Summonings
 17990 | Lair:1   | Noticed a deep troll
 18008 | Lair:1   | Killed a deep troll
 18233 | Lair:2   | Found a hole to the Spider Nest.
 18975 | Lair:2   | Noticed a six-headed hydra
 18985 | Lair:2   | Killed a six-headed hydra
 18986 | Lair:2   | Reached XP level 12. HP: 97/97 MP: 5/21
 19902 | Lair:2   | Found a staircase to the Swamp.
 19902 | Lair:2   | Noticed a ghost crab
 19902 | Lair:2   | Noticed a ghost crab
 19908 | Lair:2   | Killed a ghost crab
 19913 | Lair:2   | Killed a ghost crab
 20258 | D:9      | Bought a potion of haste for 150 gold pieces
 20258 | D:9      | Bought a potion of heal wounds for 75 gold pieces
 20486 | Lair:3   | Noticed Gastronok
 21087 | Lair:3   | Killed Gastronok
 21837 | Lair:4   | Noticed an eight-headed hydra
 21844 | Lair:4   | Killed an eight-headed hydra
 21873 | Lair:4   | Learned a level 5 spell: Arcjolt
 21883 | Lair:4   | Noticed a seven-headed hydra
 21887 | Lair:4   | Killed a seven-headed hydra
 21941 | Lair:4   | Reached skill level 5 in Shields
 21943 | Lair:4   | Reached skill level 5 in Armour
 21943 | Lair:4   | Reached skill level 5 in Dodging
 22655 | Lair:5   | Entered Level 5 of the Lair of Beasts
 22844 | Lair:5   | Reached XP level 13. HP: 55/105 MP: 2/22
 23080 | Lair:5   | Found a staircase to the Slime Pits.
 23808 | Lair:5   | Identified the +3 buckler "Yrghuddul" {Int+7}
 24942 | Orc:1    | Entered Level 1 of the Orcish Mines
 25318 | Orc:1    | Found a runed translucent gate.
 25352 | Orc:1    | Found a runed translucent gate.
 25353 | Orc:1    | Found a runed translucent gate.
 25374 | Orc:1    | Noticed spardeous's ghost (journeyman DgCj)
 25390 | Orc:1    | Reached skill level 5 in Spellcasting
 25817 | Orc:1    | Killed spardeous's ghost
 26039 | Orc:2    | Entered Level 2 of the Orcish Mines
 26039 | Orc:2    | Found Raekkeh's Self-Improvement Boutique.
 26494 | Orc:2    | Noticed Snorg
 26505 | Orc:2    | Killed Snorg
 26936 | Orc:2    | Found a staircase to the Elven Halls.
 27143 | Orc:2    | Found Feanyl's Jewellery Boutique.
 27143 | Orc:2    | Found Hataub's Assorted Antiques.
 27314 | Orc:2    | Found Lieseux's Distillery.
 27314 | Orc:2    | Found Uxaregua's Weapon Shoppe.
 27554 | D:12     | Shot with an arrow by a centaur warrior

Illustrated notes

Levels and vault maps discovered:
D:1:      psy_arrival_radial02, layout_basic, shapermc_ecumenical_altar_gd,
          st_stairs_5
D:2:      layout_loops_cross, serial_shops, nicolae_shop_stone,
          kennysheep_generic_room_15, uniq_robin, uniq_terence, uniq_natasha
D:3:      minmay_recursive_quarters, layout_loops_corners, serial_bayou,
          serial_bayou_pond_a, serial_bayou_pond_e, serial_bayou_pond_a,
          serial_bayou_shore_b, uniq_ijyb, uniq_grinder
D:4:      layout_cave_pods, kennysheep_mini, serial_column_ruins,
          column_ruins_open_small, column_ruins_grid_1, column_ruins_open_tiny,
          serial_shops, nicolae_shop_stone
D:5:      layout_rooms, st_stairs_9, uniq_blork_the_orc
D:6:      layout_gridville, minmay_temple_entry_large_hall, uniq_eustachio
D:7:      layout_loops_ring, enter_ossuary_5
D:8:      layout_cave_pools, uniq_maggie
D:9:      layout_basic, nicolae_shop_national_dungeon_mall,
          nicolae_figureground_pulse
D:10:     layout_small_grid
D:11:     layout_grid_maze, dpeg_oklobed_lair, hiddenorc1_lemuel
D:12:     layout_basic, nzn_ghost_randoct, uniq_fannar, uniq_lodul
Lair:1:   dreamdust_cave_troll, layout_gridlike, grunt_megastairs_5
Lair:2:   beast_lair_carwin_large_1, layout_regular_city,
          nicolae_swamp_entry_spooky, nicolae_spider_entry_non_spiders,
          lemuel_fruit_tree
Lair:3:   layout_long_grid, uniq_gastronok
Lair:4:   layout_hall_layers
Lair:5:   minmay_lair_end_frog_pond, layout_cave_pods,
          nicolae_slime_entry_slimehenge
Orc:1:    layout_diamond_mine, gammafunk_ghost_split, nicolae_orc_pool_cavern
Orc:2:    st_orc_town, layout_caves, basic_altar, nicolae_shop_self_help,
          uniq_snorg

Skill      XL: |  1  2  3  4  5  6  7  8  9 10 11 12 13 |
---------------+----------------------------------------+-----
Air Magic      | 1 2 3 4 5 8 |  8.0
Poison Magic   | 2 3 4 5 6 |  6.0
Necromancy     | 1 2 |  2.0
Spellcasting   | 2 3 4 5 |  5.0
Fighting       | 2 4 5 6 7 |  7.3
Dodging        | 2 3 5 |  5.0
Maces & Flails | 3 6 7 |  7.0
Evocations     | 1 |  1.0
Throwing       | 4 |  4.0
Stealth        | 3 4 |  4.0
Shields        | 2 3 5 |  5.0
Armour         | 2 3 5 6 |  6.0
Earth Magic    | 4 6 7 8 |  8.0
Conjurations   | 5 6 8 |  8.8
Translocations | 2 3 |  3.0
Summonings     | 6 7 8 |  8.0

Action                     |  1- 3 |  4- 6 |  7- 9 | 10-12 | 13-15 || total
---------------------------+-------+-------+-------+-------+-------++-------
  Melee: Dagger            |    78 |    19 |     7 |       |       ||   104
         Punch             |     2 |       |     3 |       |       ||     5
         Whip              |       |    37 |     8 |       |       ||    45
         Flail             |       |     3 |   258 |       |       ||   261
         Morningstar       |       |       |    74 |   185 |   110 ||   369
   Fire: Sling             |    41 |     5 |   112 |       |       ||   158
  Throw: Stone             |    11 |       |       |       |       ||    11
         Dart              |     3 |     1 |     2 |       |     2 ||     8
   Cast: Poisonous Vapours |    17 |    72 |   149 |   128 |    77 ||   443
         Cigotuvi's Dreadf |       |     1 |     1 |       |       ||     2
         Stone Arrow       |       |       |       |   194 |   168 ||   362
         Animate Armour    |       |       |       |    18 |    26 ||    44
         Blink             |       |       |       |     2 |       ||     2
         Arcjolt           |       |       |       |       |     7 ||     7
  Evoke: Wand              |       |     4 |     7 |     7 |       ||    18
    Use: Scroll            |       |     5 |    11 |     8 |     4 ||    28
         Potion            |       |       |     1 |     7 |     2 ||    10
   Stab: Paralysed         |       |    12 |    12 |     2 |       ||    26
         Sleeping          |       |       |     1 |       |       ||     1
         Distracted        |       |       |       |       |     1 ||     1
 Armour: Robe              |    22 |    16 |    45 |       |       ||    83
         Leather armour    |       |       |    94 |    50 |       ||   144
         Swamp dragon scal |       |       |     2 |       |    50 ||    52
         Acid dragon scale |       |       |       |    13 |     8 ||    21
  Dodge: Dodged            |    49 |    36 |   251 |   186 |    65 ||   587
  Block: Buckler           |       |       |     8 |    70 |    63 ||   141
